 Dungeon Crawl Stone Soup version 0.32-a0-540-g866d13106e (webtiles) character file.

Game seed: 13719742552089663176

3800 javelincjr the Fighter (level 9, -1/85 HPs)
             Began as a Minotaur Fighter on Feb 28, 2024.
             Was a Follower of Beogh.
             Slain by a kobold
             ... wielding a +2 short sword of electrocution
              (10 damage)
             ... on level 8 of the Dungeon.
             The game lasted 00:23:02 (7476 turns).

javelincjr the Fighter (Minotaur Fighter)           Turns: 7476, Time: 00:23:02

Health: -1/85      AC: 14    Str: 25    XL:     9   Next: 96%
Magic:  0/18       EV: 11    Int: 11    God:    Beogh [*.....]
Gold:   471        SH:  4    Dex: 10    Spells: 8/8 levels left

rFire   . . .        E - +3 flail (protect)
rCold   . . .        c - +0 buckler
rNeg    . . .        b - +0 scale mail
rPois   .            (helmet currently unavailable)
rElec   .            (cloak currently unavailable)
rCorr   .            (gloves currently unavailable)
SInv    .            (boots currently unavailable)
Will    .....        H - amulet of guardian spirit Stlth
                     k - +6 ring of intelligence
HPRegen 0.34/turn    I - ring of magical power
MPRegen 0.16/turn

%: guardian spirit
@: mighty, about to teleport, beast-form, under a protective aura, hasted and
slowed
A: beast (slay +3), horns 2, retaliatory headbutt
a: Begin Untransformation, Renounce Religion


You were on level 8 of the Dungeon.
You worshipped Beogh.
Beogh was aware of your devotion.
You were a hulking beast.
You visited 2 branches of the dungeon, and saw 9 of its levels.
You also visited: Sewer.

You collected 471 gold pieces.

Inventory:

Hand Weapons
 e - a +2 short sword of venom
 C - a +5 scimitar of freezing
 D - a +5 trident of freezing
 E - a +3 flail of protection (weapon)
 G - a +2 long sword of holy wrath
 M - the +0 mace "Onuotz" {antimagic, rCorr Dex+4}
   (You found it on level 7 of the Dungeon)

   Dex+4:     It affects your dexterity (+4).
   rCorr:     It protects you from acid and corrosion.
Missiles
 t - 2 boomerangs
 x - 9 poisoned darts (quivered)
 J - 2 throwing nets
Armour
 b - a +0 scale mail (worn)
 c - a +0 buckler (worn)
 s - a +0 cloak
 A - a +0 chain mail
 B - a +0 plate armour
 L - +0 steam dragon scales
 R - +0 acid dragon scales
Jewellery
 k - a +6 ring of intelligence (left hand)
 H - an amulet of guardian spirit (around neck)
 I - a ring of magical power (right hand)
 N - a ring of flight
Talismans
 r - a beast talisman (active)
 K - a serpent talisman
Wands
 m - a wand of roots (15)
Scrolls
 a - a scroll of enchant weapon
 f - 2 scrolls of immolation {unknown}
 h - 2 scrolls of poison
 j - 5 scrolls of amnesia
 o - 4 scrolls of teleportation
 p - a scroll of enchant armour {unknown}
 q - a scroll of noise {unknown}
 v - 2 scrolls of blinking {unknown}
 y - 3 scrolls of fog
 z - a scroll of fear {unknown}
Potions
 d - 2 potions of might
 g - a potion of enlightenment
 i - a potion of brilliance
 l - a potion of attraction
 n - a potion of degeneration
 u - 2 potions of haste
 P - a potion of lignification {unknown}
 Q - a potion of resistance {unknown}


   Skills:
 * Level 10.1 Fighting
 - Level 3.2 Polearms
 - Level 4.2 Armour
 + Level 5.5 Dodging
 - Level 4.2 Shields
 + Level 5.5 Unarmed Combat
 + Level 2.4 Invocations
 + Level 3.3 Evocations
 * Level 5.5 Shapeshifting


You had 8 spell levels left.
You didn't know any spells.
Your spell library contained the following spells:

 Spells                   Type           Power      Damage    Failure   Level
 Apportation              Tloc           0%         N/A       67%         1
 Jinxbite                 Hex            0%         N/A       82%         2
 Sublimation of Blood     Necr           0%         N/A       82%         2
 Petrify                  Alch/Erth      0%         N/A       100%        4
 Alistair's Intoxication  Alch           0%         N/A       100%        5
 Irradiate                Conj/Alch      0%         3d11      100%        5


Dungeon Overview and Level Annotations

Branches:
Dungeon (8/15)             Temple (1/1) D:4           Sewer (visited)
   Lair: D:8-11

Altars:
Ashenzari
Cheibriados
Dithmenos
Elyvilon
Fedhas
Gozag
Hepliaklqana
Kikubaaqudgha
Makhleb
Nemelex Xobeh
Okawaru
Qazlal
Ru
Sif Muna
Trog
Uskayaw
Vehumet
Wu Jian
Xom
Yredelemnul
Zin
The Shining One

Annotations:
D:8 Grum, Psyche


Innate Abilities, Weirdness & Mutations

You are a hulking beast.
Your limbs bulge with bestial killing power. (Slay +3)
You have a pair of horns on your head.
You reflexively headbutt those who attack you in melee.


Message History

Psyche hits you with a +3 dagger of chaos.
* * * LOW HITPOINT WARNING * * *
The kobold closely misses you.
The kobold hits you with a +0 short sword.
It was a potion of curing.
You feel better.
You feel less invigorated.
Psyche hits you with a +3 dagger of chaos.
* * * LOW HITPOINT WARNING * * *
You convulse.
* * * LOW HITPOINT WARNING * * *
You block the kobold's attack.
The kobold hits you with a +0 short sword.
* * * LOW HITPOINT WARNING * * *
As you read the scroll of teleportation, it crumbles to dust.
You feel strangely unstable.
Psyche hits you with a +3 dagger of chaos.
* * * LOW HITPOINT WARNING * * *
Psyche freezes you.
* * * LOW HITPOINT WARNING * * *
The kobold closely misses you. x2; You block the kobold's attack.
Psyche hits you with a +3 dagger of chaos.
* * * LOW HITPOINT WARNING * * *
You convulse.
* * * LOW HITPOINT WARNING * * *
You sock Psyche!
Your weapon exudes an aura of protection.
Psyche is heavily wounded.
Psyche hits you but does no damage. You block the kobold's attack.
The kobold hits you but does no damage.
Psyche hits you with a +3 dagger of chaos.
You bludgeon Psyche!!
Psyche is almost dead.
Grum the Hunter comes into view.
He is wielding a +1 glaive.
The kobold barely misses you. The kobold closely misses you.
You furiously retaliate!
You headbutt the kobold!!
You kill the kobold!
Beogh accepts your kill.
The kobold hits you with a +2 short sword of electrocution.
* * * LOW HITPOINT WARNING * * *
You are electrocuted!
You die...

...............###
#.#..............#
.................#.# .#
#.#.....##.......#.# .#
#.#....†##.......#.#..#
............)..###.#..#
........##†...........##.
............#..###.....g.
###.....(.....K)hK.......
............(..K@K.......
........(............#.#.
........(.....)).....#
.....................#
...... ................
..)... ..............#..
...... ..................
...... ................$


You could see Grum (wandering), Psyche, a kobold brigand and 3 kobolds.

Vanquished Creatures
  Maggie (D:8)
  A troll (D:8)
  Prince Ribbit (D:6)
  A wyvern (D:8)
  A steam dragon (D:7)
  Edmund (D:6)
  2 sky beasts (D:6)
  3 ice beasts
  An ogre (D:6)
  A kobold brigand (D:6)
  4 bullfrogs
  5 scorpions
  4 wights
  4 killer bees (D:7)
  2 howler monkeys
  A bombardier beetle (D:4)
  5 hounds (D:5)
  2 jellies
  A gnoll bouda (D:6)
  Ijyb (D:4)
  2 iguanas (D:5)
  12 orc wizards
  A sleepcap (D:5)
  8 gnolls
  11 adders
  9 river rats
  A shadow imp (D:6)
  2 white imps (D:7)
  A ribbon worm (D:3)
  16 orcs
  22 ball pythons
  5 endoplasms
  6 giant cockroaches
  8 goblins
  5 hobgoblins
  7 jackals
  12 kobolds
  2 quokkas
  7 bats
  6 frilled lizards
  32 rats
217 creatures vanquished.

Vanquished Creatures (others)
  2 kobolds (D:8)
2 creatures vanquished.

Grand Total: 219 creatures vanquished

Notes
Turn   | Place    | Note
-------+----------+-------------------------------------------
     0 | D:1      | javelincjr the Minotaur Fighter began the quest for the
                  | Orb.
     0 | D:1      | Reached XP level 1. HP: 19/19 MP: 0/0
    96 | D:1      | Reached XP level 2. HP: 17/27 MP: 1/1
   101 | D:1      | Reached skill level 4 in Fighting
   720 | D:2      | Reached XP level 3. HP: 33/33 MP: 2/2
  1022 | D:2      | Found a faded altar of an unknown god.
  1191 | D:2      | Found a white marble altar of Elyvilon.
  1487 | D:3      | Reached XP level 4. HP: 41/41 MP: 3/3
  1536 | D:3      | Found a glowing silver altar of Zin.
  1536 | D:3      | Found a snail-covered altar of Cheibriados.
  1536 | D:3      | Found a radiant altar of Vehumet.
  1957 | D:3      | Reached skill level 5 in Fighting
  2432 | D:4      | Found an ancient bone altar of Kikubaaqudgha.
  2492 | D:4      | Noticed Ijyb
  2503 | D:4      | Killed Ijyb
  2504 | D:4      | Reached skill level 1 in Unarmed Combat
  2504 | D:4      | Reached XP level 5. HP: 32/48 MP: 4/4
  2607 | D:4      | Reached skill level 1 in Shapeshifting
  2608 | D:4      | Reached skill level 1 in Dodging
  3006 | D:4      | Found a staircase to the Ecumenical Temple.
  3029 | Temple   | Entered the Ecumenical Temple
  3263 | D:4      | Reached XP level 6. HP: 40/57 MP: 5/5
  3570 | D:5      | Entered Level 5 of the Dungeon
  3582 | D:5      | Reached skill level 6 in Fighting
  3724 | D:5      | Reached XP level 7. HP: 64/64 MP: 6/6
  3772 | D:5      | Found a glowing drain.
  3789 | Sewer    | Entered a sewer
  4237 | Sewer    | Reached skill level 7 in Fighting
  4533 | D:5      | Found an opulent altar of Gozag.
  4533 | D:5      | Found a shimmering altar of Xom.
  4721 | D:5      | Reached XP level 8. HP: 73/73 MP: 7/7
  4734 | D:5      | Found a basalt altar of Yredelemnul.
  4734 | D:5      | Found a faded altar of an unknown god.
  4740 | D:5      | Found an ornate altar of the Wu Jian Council.
  4746 | D:5      | Found a bloodstained altar of Trog.
  4748 | D:5      | Found a faded altar of an unknown god.
  5188 | D:5      | Reached skill level 8 in Fighting
  5188 | D:5      | Reached skill level 1 in Evocations
  5318 | D:6      | Became a worshipper of Beogh the Shepherd
  5658 | D:6      | Noticed Edmund
  5670 | D:6      | Killed Edmund
  5923 | D:6      | Reached XP level 9. HP: 79/82 MP: 8/8
  5936 | D:6      | Noticed Prince Ribbit
  5947 | D:6      | Killed Prince Ribbit
  5948 | D:6      | Reached skill level 9 in Fighting
  6157 | D:6      | Reached * piety under Beogh
  6206 | D:6      | Reached skill level 1 in Invocations
  6480 | D:7      | Reached skill level 5 in Shapeshifting
  6483 | D:7      | Reached skill level 5 in Unarmed Combat
  6487 | D:7      | Reached skill level 5 in Dodging
  6953 | D:7      | Identified the +0 mace "Onuotz" {antimagic, rCorr Dex+4}
  7422 | D:8      | Noticed Maggie
  7435 | D:8      | Killed Maggie
  7436 | D:8      | Reached skill level 10 in Fighting
  7441 | D:8      | Noticed a troll
  7454 | D:8      | Killed a troll
  7465 | D:8      | Noticed Psyche
  7476 | D:8      | Noticed Grum
  7476 | D:8      | Slain by a kobold

Illustrated notes

Levels and vault maps discovered:
D:1:      saegor_arrival_fortress, layout_rooms,
          nicolae_kite_square_tiling_tiny, feat_on_display
D:2:      layout_loops_corners, basic_ecumenical_altar, basic_altar,
          minmay_diced_spiral
D:3:      layout_basic, gammafunk_temple_overflow_forgotten
D:4:      layout_loops_corners, nicolae_kikubaaqudgha_miasma_corner,
          minmay_temple_entry_waves, serial_bayou_crossing, uniq_ijyb
D:5:      layout_rooms, chequers_temple_overflow_minitemple,
          jmf_multi_god_temple, portal_sewer_entry_e, minivault_24
D:6:      minmay_flawed_box, layout_rooms, lexackson_kobold_supper,
          uniq_prince_ribbit1, uniq_edmund
D:7:      layout_loops_ring, chequers_serial_rivers_small_3
D:8:      layout_basic, uniq_psyche, uniq_grum, uniq_maggie
Temple:   nicolae_temple_god_jail

Skill      XL: |  1  2  3  4  5  6  7  8  9 |
---------------+----------------------------+-----
Fighting       | 4 5 6 7 8 10 | 10.1
Shields        | 4 |  4.2
Armour         | 4 |  4.2
Polearms       | 3 |  3.2
Unarmed Combat | 1 2 3 4 5 |  5.5
Shapeshifting  | 1 2 3 4 5 |  5.5
Dodging        | 1 2 3 4 5 |  5.5
Evocations     | 2 3 |  3.3
Invocations    | 2 |  2.4

Action                     |  1- 3 |  4- 6 |  7- 9 || total
---------------------------+-------+-------+-------++-------
  Melee: Short sword       |    72 |   120 |   181 ||   373
         Trident           |     3 |       |   101 ||   104
         Headbutt          |     9 |    20 |    53 ||    82
         Scimitar          |       |       |     5 ||     5
         Flail             |       |       |    35 ||    35
  Throw: Boomerang         |       |     3 |     7 ||    10
         Dart              |       |       |    14 ||    14
 Invoke: Convert to Beogh  |       |       |     1 ||     1
  Evoke: Wand              |       |       |     3 ||     3
    Use: Scroll            |       |     6 |     8 ||    14
         Potion            |       |       |     5 ||     5
 Armour: Scale mail        |    62 |    87 |   324 ||   473
  Dodge: Dodged            |    42 |    60 |   175 ||   277
  Block: Buckler           |    17 |    22 |    86 ||   125
   Form: Beast             |       |     1 |       ||     1

Table legend: (Time is in decaauts)
 A = Elapsed time spent in this place.
 B = Non-inter-level travel time spent in this place.
 C = Inter-level travel time spent in this place.
 D = Time resting spent in this place.
 E = Time spent auto-exploring this place.
 F = Levels seen in this place.
 G = Mean time per level.
                   A        B        C        D        E       F      G
               +--------+--------+--------+--------+--------+-----+--------+
         Total |   7580 |   7278 |    302 |    571 |   5316 |  10 |  758.0 |
       Dungeon |   6838 |   6536 |    302 |    392 |   4935 |   8 |  854.8 |
        Temple |     33 |     33 |      0 |      0 |      0 |   1 |   33.0 |
         Sewer |    708 |    708 |      0 |    179 |    380 |   1 |  708.0 |
               +--------+--------+--------+--------+--------+-----+--------+

Top non-repeatable levels by time:
     D:6: 1164 daAuts
     D:4: 1123 daAuts
     D:5: 1073 daAuts
     D:3: 987 daAuts
     D:7: 771 daAuts
     D:2: 765 daAuts
   Sewer: 708 daAuts
     D:1: 675 daAuts
     D:8: 275 daAuts
  Temple: 33 daAuts
